 Dungeon Crawl Stone Soup version 0.25-a0-290-g4a1327ee3a (webtiles) character file.

Game seed: 2782030098392608772, levelgen mode: deterministic

6324 MisterFreud the Cleaver (level 10, -4/88 HPs)
             Began as a Hill Orc Abyssal Knight on Dec 13, 2019.
             Was a Priest of Lugonu.
             Killed from afar by a gargoyle (24 damage)
             ... with a stone arrow
             ... on level 10 of the Dungeon.
             The game lasted 00:21:07 (9281 turns).

MisterFreud the Cleaver (Hill Orc Abyssal Knight)   Turns: 9281, Time: 00:21:08

Health: -4/88      AC: 18    Str: 19    XL:     10   Next: 95%
Magic:  16/16      EV:  9    Int: 12    God:    Lugonu [***...]
Gold:   230        SH:  0    Dex: 10    Spells: 9/9 levels left

rFire    . . .     SeeInvis +   J - +0 war axe
rCold    . . .     Gourm    .   (no shield)
rNeg     . . .     Faith    .   L - +4 chain mail
rPois    .         Spirit   .   q - +1 hat
rElec    .         Reflect  .   g - +0 cloak
rCorr    .         Harm     .   i - +0 pair of gloves
MR       .....                  (no boots)
Stlth    ..........             (no amulet)
HPRegen  0.24/turn              y - +1 ring of evasion
MPRegen  0.15/turn              H - ring of see invisible

@: no status effects
A: no potion heal 1
a: Depart the Abyss, Bend Space, Banish, Renounce Religion


You were on level 10 of the Dungeon.
You worshipped Lugonu.
Lugonu was most pleased with you.
You were near starving.

You visited 1 branch of the dungeon, and saw 10 of its levels.
You visited the Abyss 1 time.

You collected 651 gold pieces.
You spent 421 gold pieces at shops.

Inventory:

Hand Weapons
 a - a +2 hand axe
 h - a +1 morningstar of crushing
 B - a +4 arbalest
 J - a +0 war axe (weapon)
Missiles
 C - a throwing net (quivered)
Armour
 b - a +0 leather armour
 d - a +0 scale mail
 e - a +0 plate armour
 g - a +0 cloak (worn)
 i - a +0 pair of gloves (worn)
 q - a +1 hat (worn)
 v - the +1 ring mail of Muggat {*Contam rC+ Regen+ Str+4}
   (You found it on level 6 of the Dungeon)

   It affects your strength (+4).
   It protects you from cold.
   It causes magical contamination when unequipped.
   It increases your rate of regeneration.
 L - a +4 chain mail (worn)
Jewellery
 n - an uncursed ring of stealth
 y - a +1 ring of evasion (left hand)
 H - a ring of see invisible (right hand)
Wands
 t - a wand of paralysis (14)
 u - a wand of digging (6)
Scrolls
 f - 7 scrolls of remove curse
 x - 2 scrolls of teleportation
 A - a scroll of fear
 D - a scroll of enchant weapon
 I - a scroll of identify
 K - 2 scrolls of amnesia
Potions
 j - 2 potions of resistance
 k - 2 potions of brilliance
 l - 7 potions of might
 m - a potion of haste {unknown}
 o - 7 potions of curing
 p - 3 potions of degeneration
 r - a potion of invisibility
 s - a potion of mutation {unknown}
 w - 3 potions of cancellation
 E - 2 potions of berserk rage
 F - a potion of heal wounds
 G - a potion of agility
Comestibles
 c - 20 rations


   Skills:
 - Level 8.0 Fighting
 + Level 12.2(13.4) Axes
 - Level 8.1(10.4) Maces & Flails
 - Level 8.0 Armour
 - Level 0.7 Dodging
 - Level 8.0 Invocations


You had 9 spell levels left.
You didn't know any spells.
Your spell library contained the following spells:

 Spells                   Type           Power        Failure   Level  Hunger
 Animate Skeleton         Necr           N/A          96%         1    ##.....
 Apportation              Tloc           #.....       96%         1    ##.....
 Confusing Touch          Hex            #.....       96%         1    ##.....
 Summon Small Mammal      Summ           #...         96%         1    ##.....


Dungeon Overview and Level Annotations

Branches:
Dungeon (10/15)            Temple (0/1) D:5            Lair (0/6) D:8
    Orc: D:9-12

Altars:
Ashenzari
Elyvilon
Makhleb
Uskayaw
Xom
Yredelemnul

Shops:
D:6 =*%(   D:7 =!   D:8 ?%[[*

Annotations:
D:4 2 transporters, twoshot's ghost, amateur DEFE
D:9 3 runed translucent doors, exclusion: obsidian statue, twoshot's ghost, novice DEFE
Abyss:1 Erica; Harold


Innate Abilities, Weirdness & Mutations

Potions are less effective at restoring your health.


Message History

The gargoyle hurls a stone arrow at you.
The stone arrow hits you!
You closely miss the gargoyle.
The gargoyle hurls a stone arrow at you.
The stone arrow misses you.
You closely miss the gargoyle. You hit the gargoyle.
The gargoyle is lightly damaged.
The gargoyle hurls a stone arrow at you.
The stone arrow hits you!!
You hit the gargoyle but do no damage.
The gargoyle is lightly damaged.
The gargoyle hurls a stone arrow at you.
The stone arrow hits you!!
* * * LOW HITPOINT WARNING * * *
You hit the gargoyle.
The gargoyle is moderately damaged.
The gargoyle hurls a stone arrow at you.
The stone arrow hits you!!
You die...

###...............
#......###########
#......# #......#
#......# #......#
#......#
.#.##......#######.#
...........h9@.....#
.......!...#########
..........##
..........#
#####.....# #.....#
........ #.........
#.........#


You could see a black bear and a gargoyle.

Vanquished Creatures
  Psyche (D:8)
  A hippogriff (D:10)
  Sigmund (D:2)
  3 yaks (D:10)
  A steam dragon (D:8)
  2 hungry ghosts (D:8)
  An orc warrior (D:8)
  A black bear (D:8)
  2 phantoms
  3 sky beasts
  5 ogres
  2 centaurs (D:9)
  A crocodile (D:7)
  A big kobold (D:7)
  6 bullfrogs
  A gnoll sergeant (D:7)
  A water moccasin zombie (D:9)
  3 killer bees (D:9)
  5 wights (D:9)
  3 howler monkeys
  5 crimson imps
  3 orc priests
  2 centaur skeletons
  Crazy Yiuf (D:2)
  A bullfrog skeleton (D:5)
  6 hounds
  A jelly (D:8)
  3 iguanas
  4 orc wizards
  8 worker ants
  3 hound zombies (D:7)
  A hound skeleton (D:9)
  6 gnolls
  15 adders
  A shadow imp (D:9)
  2 oozes
  4 adder skeletons
  2 adder zombies (D:5)
  2 worms
  A dart slug (D:1)
  4 leopard geckos
  25 orcs
  A ball python (D:2)
  A giant cockroach (D:1)
  3 goblins
  4 hobgoblins
  17 kobolds
  3 quokkas
  7 bats
  5 frilled lizards
  A jackal skeleton (D:4)
  2 leopard gecko skeletons
  5 rats
193 creatures vanquished.

Vanquished Creatures (others)
  A two-headed ogre (D:9)
  A yak (D:9)
  An orc warrior (D:7)
  An ogre (D:7)
4 creatures vanquished.

Grand Total: 197 creatures vanquished

Notes
Turn   | Place    | Note
-------+----------+-------------------------------------------
     0 | Abyss:1  | MisterFreud the Hill Orc Abyssal Knight began the quest for
                  | the Orb.
     0 | Abyss:1  | Reached XP level 1. HP: 19/19 MP: 2/2
    63 | Abyss:1  | Noticed a tentacled starspawn
    64 | D:1      | Escaped the Abyss
    68 | D:1      | Noticed a minotaur zombie
    89 | D:1      | Noticed a merfolk zombie
    91 | D:1      | Noticed a merfolk zombie
   161 | D:1      | Reached * piety under Lugonu
   203 | D:1      | Reached XP level 2. HP: 28/28 MP: 3/3
   543 | D:1      | Reached skill level 5 in Fighting
   543 | D:1      | Reached XP level 3. HP: 31/36 MP: 4/4
  1012 | D:2      | Found a hide-covered altar of Uskayaw.
  1062 | D:2      | Noticed Sigmund
  1193 | D:3      | Reached XP level 4. HP: 42/44 MP: 5/5
  1507 | D:3      | Found a shimmering altar of Xom.
  1507 | D:3      | Found a burning altar of Makhleb.
  1930 | D:3      | Reached XP level 5. HP: 29/50 MP: 6/8
  2489 | D:4      | Found a transporter.
  2494 | D:4      | Noticed twoshot's ghost (amateur DEFE)
  2629 | D:4      | Noticed an ogre
  2713 | D:4      | Reached XP level 6. HP: 36/57 MP: 9/9
  3130 | D:2      | Reached ** piety under Lugonu
  3130 | D:2      | Reached skill level 5 in Armour
  3451 | D:2      | Killed Sigmund
  3451 | D:2      | Reached XP level 7. HP: 36/63 MP: 10/10
  3549 | D:2      | Found a white marble altar of Elyvilon.
  3550 | D:2      | Found a shattered altar of Ashenzari.
  3580 | D:2      | Found a runed translucent door.
  3581 | D:2      | Noticed Crazy Yiuf
  3594 | D:2      | Killed Crazy Yiuf
  4138 | D:4      | Reached skill level 5 in Invocations
  4490 | D:4      | Found a transporter.
  4668 | D:5      | Entered Level 5 of the Dungeon
  4670 | D:5      | Reached XP level 8. HP: 21/71 MP: 12/12
  5215 | D:5      | Found a staircase to the Ecumenical Temple.
  5782 | D:6      | Got a transparent ring mail
  5793 | D:6      | Identified the +1 ring mail of Muggat {*Contam rC+ Regen+
                  | Str+4} (You found it on level 6 of the Dungeon)
  5845 | D:6      | Found Wacerona's Jewellery Shoppe.
  5845 | D:6      | Found Daexkif's Food Shoppe.
  5850 | D:6      | Found Rirghayny's Weapon Shoppe.
  5854 | D:6      | Found Qoul's General Store.
  5866 | D:6      | Bought a potion of curing for 39 gold pieces
  5866 | D:6      | Bought a potion of might for 52 gold pieces
  6172 | D:7      | Reached *** piety under Lugonu
  6274 | D:7      | Reached skill level 4 in Axes
  6274 | D:7      | Reached XP level 9. HP: 81/81 MP: 15/15
  6353 | D:7      | Reached skill level 1 in Maces & Flails
  6462 | D:7      | Noticed Harold
  6475 | D:7      | Banished Harold
  6640 | D:7      | Reached skill level 5 in Maces & Flails
  6664 | D:7      | Found Xeixivon's Distillery.
  6696 | D:7      | Bought a potion of heal wounds for 75 gold pieces
  6696 | D:7      | Bought a potion of agility for 60 gold pieces
  6696 | D:7      | Bought a potion of cancellation for 120 gold pieces
  6696 | D:7      | Bought a potion of berserk rage for 75 gold pieces
  6730 | D:7      | Found a basalt altar of Yredelemnul.
  6751 | D:7      | Gained mutation: Potions are less effective at restoring
                  | your health. [mutagenic glow]
  6921 | D:7      | Found Aqycu's Jewellery Shoppe.
  6996 | D:8      | Found Luff's Magic Scroll Emporium.
  6999 | D:8      | Found Doebrou's Food Shop.
  7342 | D:8      | Found Sufymuof's General Store.
  7445 | D:8      | Noticed Psyche
  7456 | D:8      | Killed Psyche
  7456 | D:8      | Reached skill level 6 in Axes
  7456 | D:8      | Reached XP level 10. HP: 88/88 MP: 16/16
  7500 | D:8      | Reached skill level 7 in Axes
  7533 | D:8      | Found Guko Pai's Antique Armour Shoppe.
  7661 | D:8      | Found Lunul's Armour Boutique.
  7735 | D:8      | Found a staircase to the Lair.
  7991 | D:9      | Reached skill level 8 in Axes
  8067 | D:9      | Paralysed by a crimson imp for 6 turns
  8108 | D:9      | Noticed an obsidian statue
  8349 | D:9      | Reached skill level 9 in Axes
  8461 | D:9      | Noticed a two-headed ogre
  8466 | D:9      | Banished a two-headed ogre
  8466 | D:9      | Reached skill level 10 in Axes
  8595 | D:9      | Reached **** piety under Lugonu
  8656 | D:9      | Found a runed translucent gate.
  8656 | D:9      | Found a runed translucent gate.
  8656 | D:9      | Found a runed translucent gate.
  8656 | D:9      | Noticed twoshot's ghost (novice DEFE)
  8748 | D:10     | Entered Level 10 of the Dungeon
  8748 | D:10     | Noticed Erica
  8750 | D:10     | Banished Erica
  8750 | D:10     | Reached skill level 11 in Axes
  9204 | D:10     | Reached skill level 12 in Axes
  9267 | D:10     | Noticed a gargoyle
  9281 | D:10     | Killed from afar by a gargoyle

Levels and vault maps discovered:
D:1:      shiori_arrival_whats_in_store_for_you, layout_loops_corners
D:2:      layout_basic, eat_drink_and_be_merry_uskayaw,
          gammafunk_temple_overflow_pools, first_ration, uniq_sigmund,
          uniq_crazy_yiuf_cottage
D:3:      layout_basic, grunt_temple_overflow_champion_of_chaos,
          roderic_lattice_a
D:4:      layout_layer_cave, gammafunk_ghost_stat_death, hex_tiny
D:5:      layout_basic, minmay_temple_entry_gardened_gates
D:6:      layout_rooms, minmay_shop_grid_forest, roderic_serpentine_path,
          minmay_misc_feat_room, palyth_stone_intersect
D:7:      layout_cave_pools, lemuel_doored_altar, serial_shops, shop,
          shop_fountains, minivault_23, uniq_harold
D:8:      layout_layer_cave, lair_entry_dummy, serial_shops, shop_statue, shop,
          nicolae_shop_crystal, shop, shop, grunt_pizzeria, uniq_psyche
D:9:      layout_rooms, ebering_ghost_rock_garden, minmay_protected_statue
D:10:     layout_basic, nicolae_trove_entry_crossroad, uniq_erica

Skill      XL: |  1  2  3  4  5  6  7  8  9 10 |
---------------+-------------------------------+-----
Fighting       | 4 5 6 8 |  8.0
Invocations    | 4 5 8 |  8.0
Armour         | 4 6 7 8 |  8.0
Axes           | 4 6 12 | 12.2
Maces & Flails | 8 |  8.1
Dodging        | |  0.7

Action                   |  1- 3 |  4- 6 |  7- 9 | 10-12 || total
-------------------------+-------+-------+-------+-------++-------
Melee: Hand axe          |    77 |   248 |    66 |       ||   391
       Morningstar       |       |       |   310 |       ||   310
       War axe           |       |       |    25 |   252 ||   277
Invok: Depart the Abyss  |     1 |       |       |       ||     1
       Banish            |       |       |     4 |     5 ||     9
  Use: Potion            |       |     2 |       |       ||     2
       Scroll            |       |     8 |     6 |       ||    14
  Eat: Chunk             |     1 |     7 |    22 |     6 ||    36
Armor: Plate armour      |    87 |   225 |   282 |   150 ||   744
       Ring mail         |       |       |    57 |       ||    57
       Chain mail        |       |       |       |    33 ||    33
Dodge: Dodged            |    14 |    82 |   158 |    95 ||   349

Table legend:
 A = Non-vault XP
 B = Vault XP
 C = Vault XP percentage of total XP
 D = Non-vault monster count
 E = Vault monster count
 F = Vault count percentage of total count
                 A         B        C        D         E       F
            +---------+---------+-------+---------+---------+-------
      Total |    7224 |    1811 |  20.0 |     193 |       6 |   3.0
            +---------+---------+-------+---------+---------+-------
        D:1 |      36 |       0 |   0.0 |      17 |       0 |   0.0
        D:2 |      61 |     278 |  82.0 |      22 |       2 |   8.3
        D:3 |     228 |       0 |   0.0 |      21 |       0 |   0.0
        D:4 |     642 |       0 |   0.0 |      21 |       0 |   0.0
        D:5 |     153 |       0 |   0.0 |       8 |       0 |   0.0
        D:6 |     707 |       0 |   0.0 |      17 |       0 |   0.0
        D:7 |     919 |     507 |  35.6 |      32 |       1 |   3.0
        D:8 |    1409 |     567 |  28.7 |      13 |       2 |  13.3
        D:9 |    2126 |       0 |   0.0 |      35 |       0 |   0.0
       D:10 |     943 |     459 |  32.7 |       7 |       1 |  12.5
            +---------+---------+-------+---------+---------+-------
